 Dungeon Crawl Stone Soup version 0.29-a0-553-g81b289dbe5 (webtiles) character file.

Game seed: 17287008447545070782

613 Gargoyl the Chopper (level 7, 0/66 HPs)
             Began as a Gargoyle Berserker on June 6, 2022.
             Was a Priest of Trog.
             Slain by Pikel
             ... wielding a +0 whip of flaming
              (8 damage)
             ... on level 3 of the Dungeon.
             The game lasted 00:05:22 (3915 turns).

Gargoyl the Chopper (Gargoyle Berserker)            Turns: 3915, Time: 00:05:23

Health: 0/66       AC: 17    Str: 20    XL:     7   Next: 44%
Magic:  7/7        EV:  8    Int: 12    God:    Trog [***...]
Gold:   207        SH:  0    Dex: 11    Spells: 6/6 levels left

rFire   . . .      SeeInvis .   o - +1 dagger (venom)
rCold   . . .      Faith    .   (no shield)
rNeg    + . .      Spirit   .   g - +1 chain mail of Fortification {Int+4}
rPois   ∞          Reflect  .   e - +2 hat
rElec   +          Harm     .   (no cloak)
rCorr   .          Rampage  .   (no gloves)
Will    ++...                   (no boots)
Stlth   ..........              b - amulet of the acrobat
HPRegen 1.21/turn               (no ring)
MPRegen 0.10/turn               (no ring)

@: berserking, strong-willed, regenerating, very quick
A: sickness immunity, AC +4, negative energy resistance 1, electricity
resistance, torment resistance 1, petrification resistance
a: Renounce Religion, Berserk, Trog's Hand


You were on level 3 of the Dungeon.
You worshipped Trog.
Trog was most pleased with you.
You visited 1 branch of the dungeon, and saw 4 of its levels.
You also visited: Sewer.

You collected 207 gold pieces.

Inventory:

Hand Weapons
 a - a +1 hand axe
 o - a +1 dagger of venom (weapon)
Missiles
 q - 6 poisoned darts (quivered)
Armour
 e - a +2 hat (worn)
 g - the +1 chain mail of Fortification (worn) {Int+4}
   (You found it on level 2 of the Dungeon)

   Int:       It affects your intelligence (+4).
Jewellery
 b - an amulet of the acrobat (around neck)
Scrolls
 c - a scroll of blinking
 f - a scroll of magic mapping
 s - a scroll of teleportation
Potions
 d - a potion of heal wounds
 h - 2 potions of degeneration {unknown}
 i - a potion of ambrosia {unknown}
 j - a potion of curing {unknown}
 k - a potion of berserk rage {unknown}
 l - a potion of resistance {unknown}
 m - 2 potions of mutation {unknown}
 n - a potion of might {unknown}
 p - a potion of brilliance {unknown}
 r - 2 potions of flight {unknown}


   Skills:
 + Level 5.2 Fighting
 + Level 1.3 Short Blades
 + Level 5.4 Axes
 + Level 4.3 Armour
 + Level 2.3 Dodging
 + Level 0.4 Stealth


You had 6 spell levels left.
You didn't know any spells.
Your spell library was empty.

Dungeon Overview and Level Annotations

Branches:
Dungeon (4/15)              Sewer (visited)
 Temple: D:4-7

Altars:
Ashenzari
The Shining One

Shops:
D:2 :

Annotations:
D:3 Pikel


Innate Abilities, Weirdness & Mutations

You are immune to sickness and miasma.
Your stone body is resilient. (AC +4)
You are immune to poison.
You resist negative energy. (rN+)
You are resistant to electric shocks. (rElec)
You are resistant to unholy torment.
You are immune to petrification.


Message History

There is a stone staircase leading down here.
Unknown command.
You hit Pikel but do no damage. Pikel barely misses you.
The lemure hits you but does no damage.
You hit Pikel but do no damage.
Pikel is poisoned.
Pikel hits you but does no damage. The lemure hits you but does no damage.
You hit Pikel but do no damage.
Pikel looks even sicker.
Pikel hits you but does no damage. The lemure barely misses you.
You barely miss Pikel.
Pikel is lightly wounded.
Pikel hits you with a +0 whip of flaming.
Pikel burns you. The lemure hits you but does no damage.
You miss Pikel.
Pikel is lightly wounded.
Pikel hits you with a +0 whip of flaming.
Pikel burns you. The lemure hits you.
* * * LOW HITPOINT WARNING * * *
You hit Pikel but do no damage.
Pikel looks as sick as possible!
Pikel is lightly wounded.
Pikel barely misses you. The lemure hits you.
* * * LOW HITPOINT WARNING * * *
Your skin crawls.
You feel strong-willed. Pikel hits you but does no damage.
The lemure closely misses you.
A red film seems to cover your vision as you go berserk!
You feel yourself moving faster!
You feel mighty! Pikel closely misses you. The lemure barely misses you.
You closely miss Pikel.
Pikel is heavily wounded.
You completely miss Pikel.
Pikel is heavily wounded.
Pikel hits you with a +0 whip of flaming!
* * * LOW HITPOINT WARNING * * *
Pikel burns you.
* * * LOW HITPOINT WARNING * * *
The lemure barely misses you.
You hit Pikel.
Pikel looks as sick as possible!
Pikel is heavily wounded.
Pikel hits you with a +0 whip of flaming!
You die...

#.# ######.##.###.####.# #.#
####..#.###...<..# #.##
#..............###
...######...#...##.###.#
#.##≈≈≈≈#...+........#.#
..##≈#†§#...##...#.###.#####
####≈.#≈#.#......#.........#
#≈≈.≈#.#####K5#####.#####
###'##.# #.@# #.#
#####..#### #### #.#
....#.## ######.# ......#
#......# ......# ########
......# .....## .....#
.....#


You could see Pikel (extremely poisoned) and a lemure.

Vanquished Creatures
  Grinder (D:3)
  Sigmund (D:3)
  A kobold brigand (Sewer)
  Robin (D:2)
  4 gnolls (D:2)
  11 adders
  A river rat (Sewer)
  3 dart slugs
  An orc (D:3)
  7 endoplasms
  9 giant cockroaches
  14 goblins
  7 hobgoblins
  3 jackals (Sewer)
  13 kobolds
  4 quokkas
  10 ball pythons
  5 bats
  7 frilled lizards
  9 rats
112 creatures vanquished.

Vanquished Creatures (others)
  11 plants (Sewer)
  A withered plant (D:1)
12 creatures vanquished.

Grand Total: 124 creatures vanquished

Notes
Turn   | Place    | Note
-------+----------+-------------------------------------------
     0 | D:1      | Gargoyl the Gargoyle Berserker began the quest for the Orb.
     0 | D:1      | Reached XP level 1. HP: 14/14 MP: 1/1
   193 | D:1      | Reached XP level 2. HP: 19/19 MP: 2/2
   489 | D:1      | Reached XP level 3. HP: 23/24 MP: 3/3
   653 | D:1      | Found a faded altar of an unknown god.
  1042 | D:2      | Reached ** piety under Trog
  1058 | D:2      | Identified the +1 chain mail of Fortification {Int+4}
  1159 | D:2      | Reached XP level 4. HP: 29/29 MP: 4/4
  1357 | D:2      | Found Xerrunot's Book Shop.
  1814 | D:2      | Noticed Robin
  1816 | D:2      | Reached XP level 5. HP: 33/33 MP: 5/5
  1825 | D:2      | Killed Robin
  2194 | D:3      | Found a glowing drain.
  2203 | Sewer    | Entered a sewer
  2239 | Sewer    | Reached *** piety under Trog
  2524 | Sewer    | Noticed a kobold brigand
  2532 | Sewer    | Killed a kobold brigand
  2533 | Sewer    | Reached XP level 6. HP: 38/38 MP: 6/6
  2763 | Sewer    | Reached skill level 5 in Axes
  3237 | D:3      | Noticed Grinder
  3263 | D:3      | Killed Grinder
  3264 | D:3      | Reached skill level 5 in Fighting
  3264 | D:3      | Reached skill level 1 in Short Blades
  3264 | D:3      | Reached XP level 7. HP: 35/44 MP: 7/7
  3416 | D:3      | Found a glowing golden altar of the Shining One.
  3450 | D:3      | Noticed Sigmund
  3453 | D:3      | Found a broken altar of Ashenzari.
  3464 | D:3      | Killed Sigmund
  3885 | D:4      | Noticed Pikel
  3915 | D:3      | Slain by Pikel

Illustrated notes

Levels and vault maps discovered:
D:1:      lightli_arrival_noodles, layout_loops_ring,
          ebering_ecumenical_altar_petrified, minmay_worlds_worst_comb
D:2:      layout_loops_ring, serial_shops, shop, serial_aquarium,
          aquarium_bridge_square [aquarium_subvault_window,
          aquarium_subvault_window, aquarium_subvault_bridge,
          aquarium_subvault_bridge], aquarium_bridge_square
          [aquarium_subvault_bridge, aquarium_subvault_balcony,
          aquarium_subvault_bridge, aquarium_subvault_window],
          aquarium_window_2, aquarium_window_2, aquarium_window_double,
          aquarium_view_2c, aquarium_view_2f, aquarium_balcony_3b, uniq_robin
D:3:      layout_basic, nicolae_overflow_squiral, portal_sewer_entry_a,
          kennysheep_generic_room_14, uniq_grinder, uniq_sigmund
D:4:      gammafunk_cloud_chamber, layout_layer_cave,
          nicolae_ossuary_entry_monument, uniq_ijyb, uniq_pikel

Skill      XL: |  1  2  3  4  5  6 |
---------------+-------------------+-----
Axes           | 3 4 5 |  5.4
Armour         | 3 4 |  4.3
Fighting       | 4 5 |  5.2
Dodging        | 2 |  2.3
Short Blades   | 1 |  1.3
Stealth        | |  0.4

Action                   |  1- 3 |  4- 6 |  7- 9 || total
-------------------------+-------+-------+-------++-------
Melee: Hand axe          |    98 |   246 |       ||   344
       Punch             |     1 |       |       ||     1
       Dagger            |       |    39 |    34 ||    73
Throw: Dart              |       |     1 |       ||     1
Invok: Berserk           |     2 |     3 |     1 ||     6
       Trog's Hand       |     1 |     3 |     1 ||     5
  Use: Scroll            |     2 |     6 |     1 ||     9
Armor: Ring mail         |    48 |       |       ||    48
       Chain mail        |    24 |   237 |    15 ||   276
Dodge: Dodged            |    87 |   179 |    23 ||   289

Table legend: (Time is in decaauts)
 A = Elapsed time spent in this place.
 B = Non-inter-level travel time spent in this place.
 C = Inter-level travel time spent in this place.
 D = Time resting spent in this place.
 E = Time spent auto-exploring this place.
 F = Levels seen in this place.
 G = Mean time per level.
                   A        B        C        D        E       F      G
               +--------+--------+--------+--------+--------+-----+--------+
         Total |   4116 |   4024 |     92 |      0 |   2890 |   5 |  823.2 |
       Dungeon |   3086 |   2994 |     92 |      0 |   2206 |   4 |  771.5 |
         Sewer |   1030 |   1030 |      0 |      0 |    683 |   1 | 1030.0 |
               +--------+--------+--------+--------+--------+-----+--------+

Top non-repeatable levels by time:
     D:2: 1077 daAuts
   Sewer: 1030 daAuts
     D:1: 1022 daAuts
     D:3: 853 daAuts
     D:4: 133 daAuts
